[Event "Team 45 45 League T60"]
[Site "Internet Chess Club"]
[Date "2014.03.26"]
[Round "4"]
[White "Pomberito"]
[Black "Ptzz"]
[Result "1/2-1/2"]
[WhiteElo "2138"]
[BlackElo "2023"]
[Opening "QGD Slav: 4.Nc3"]
[ECO "D15"]
[Time "13:00:55"]
[TimeControl "2700+45"]

1. d4 d5 2. c4 c6 3. Nf3 Nf6 4. Nc3 a6 5. e3 b5 6. cxd5 cxd5 7. Bd3 Bg4 8. h3
Bxf3 9. Qxf3 e6 10. Bd2 Be7 11. g4 Nc6 12. Rc1 Rc8 13. Qe2 Nd7 14. f4 O-O 15.
Bb1 Nb6 16. Qd3 f5 17. g5 Nc4 18. b3 Na3 19. Ne2 Nb4 20. Bxb4 Rxc1+ 21. Nxc1
Bxb4+ 22. Kf2 Qc7 23. Ne2 Rc8 24. Qd1 Nxb1 25. Qxb1 Qc2 26. h4 Ba3 27. h5 Qxb1
28. Rxb1 Rc2 29. Ra1 Kf7 30. Kf3 b4 31. Kf2 Bb2 32. Rg1 g6 33. hxg6+ hxg6 34.
Kf3 Bc3 35. Rc1 Rxa2 36. Nxc3 bxc3 37. Rxc3 Rb2 38. Rc7+ Kf8 39. Rb7 a5 40. Rb5
Kf7 41. Rxa5 Rxb3 42. Ra7+ Kf8 43. Ke2 Rb2+ 44. Kd3 Rb3+ 45. Kd2 Rb2+ 46. Kc3
Re2 47. Kd3 Rb2 48. Ra3 Rb7 49. Kc3 Kf7 50. Rb3 Rc7+ 51. Kb2 Ra7 52. Ra3 Rb7+
53. Kc3 Kg7 54. Rb3 Rc7+ 55. Kb4 Rb7+ 56. Ka3 Ra7+ 57. Kb2 Kf7 58. Rb6 Rc7 59.
Kb3 Rc1 60. Rb7+ Kf8 61. Rb8+ Kf7 62. Rb7+ Kf8 63. Rb8+ Kf7 64. Rb7+ {Game drawn
by repetition} 1/2-1/2

[Event "Team 45 45 League T60"]
[Site "Internet Chess Club"]
[Date "2014.03.23"]
[Round "4"]
[White "perikitosax"]
[Black "CHENENE"]
[Result "1/2-1/2"]
[WhiteElo "1970"]
[BlackElo "1678"]
[Opening "QGD Slav: 4.Nc3"]
[ECO "D15"]
[Time "12:07:38"]
[TimeControl "2700+45"]

1. d4 d5 2. Nf3 Nf6 3. c4 c6 4. Nc3 Bf5 5. cxd5 cxd5 6. Qb3 b6 7. Bf4 a6 8. e3
Nc6 9. Rc1 Na5 10. Qd1 e6 11. Ne5 Bd6 12. Qa4+ b5 13. Bxb5+ axb5 14. Nxb5 O-O
15. Nxd6 Qxd6 16. Ng6 Qa6 17. Nxf8 Kxf8 18. f3 Bg6 19. Kf2 Nc4 20. Qxa6 Rxa6 21.
a3 Ne8 22. b3 Nxa3 23. Rc8 Nb5 24. Rhc1 Ke7 25. Rb8 Ned6 26. g4 Kd7 27. Rc5 Bd3
28. Rg8 Ne8 29. h4 Ra2+ 30. Kg3 Rb2 31. h5 h6 32. g5 hxg5 33. Bxg5 f6 34. Bf4
Rxb3 35. Rh8 Bf5 36. Rc1 Nc3 37. Ra1 Ne2+ 38. Kf2 Nxf4 39. Ra7+ Kd6 40. exf4 Rb8
41. h6 gxh6 42. Rxh6 Rc8 43. Rh8 Bg6 44. Rg8 Bd3 45. Ke3 Bb5 46. Rh8 Rc3+ 47.
Kf2 Rd3 48. Rb7 Bc6 49. Rb6 Kc7 50. Rb4 Rd2+ 51. Ke3 Ra2 {Game drawn by mutual
agreement} 1/2-1/2

[Event "Team 45 45 League T60"]
[Site "Internet Chess Club"]
[Date "2014.03.22"]
[Round "4"]
[White "xt"]
[Black "Egmont"]
[Result "1/2-1/2"]
[WhiteElo "1610"]
[BlackElo "1799"]
[Opening "French: exchange variation"]
[ECO "C01"]
[Time "12:13:33"]
[TimeControl "2700+45"]

1. e4 e6 2. d4 d5 3. exd5 exd5 4. Nf3 Nc6 5. h3 Bd6 6. Nc3 Nge7 7. Bg5 Be6 8.
Bb5 O-O 9. O-O f6 10. Be3 a6 11. Be2 Nf5 12. a3 Be7 13. Bd3 b5 14. Ne2 Na5 15.
Nf4 Nxe3 16. fxe3 Bf7 17. b3 Nb7 18. a4 b4 19. Ne2 c5 20. Ng3 g6 21. Nh2 Qc7 22.
Ne2 Nd6 23. Ng4 Be6 24. Nf4 Qc8 25. Be2 Ne4 26. Bf3 Bxg4 27. Bxg4 f5 28. Bf3 Qc6
29. Bxe4 dxe4 30. d5 Qb6 31. Qe2 Rfd8 32. Rad1 Rd6 33. Qc4 Bg5 34. g3 Bxf4 35.
gxf4 Rad8 36. Rd2 {Game drawn by mutual agreement} 1/2-1/2

[Event "Team 45 45 League T60"]
[Site "Internet Chess Club"]
[Date "2014.03.24"]
[Round "4"]
[White "AVEMARIA"]
[Black "Achelous"]
[Result "1-0"]
[WhiteElo "1654"]
[BlackElo "1729"]
[Opening "Two knights defense (Modern bishop's opening)"]
[ECO "C55"]
[Time "17:00:51"]
[TimeControl "2700+45"]

1. e4 e5 2. Nf3 Nc6 3. Bc4 Nf6 4. d3 Be7 5. O-O O-O 6. c3 d6 7. h3 Bd7 8. Re1
Na5 9. Bb3 Nxb3 10. Qxb3 Bc6 11. Nbd2 Re8 12. d4 Rb8 13. dxe5 dxe5 14. Nxe5 Bc5
15. Qxf7+ Kh8 16. Nxc6 bxc6 17. Qc4 Bb6 18. e5 Qd7 19. Nf3 Nd5 20. Bg5 Re6 21.
Qg4 Qf7 22. Re2 h6 23. c4 Nb4 24. Qh4 Rf8 25. Rd1 Qf5 26. Be3 Rg6 27. Nd4 Qxe5
28. a3 Na6 29. b4 c5 30. Bxh6 Qd6 31. Bf4+ Rh6 32. Bxh6 gxh6 33. Re6 cxd4 34.
Rxd6 cxd6 35. Qxh6+ Kg8 36. Qg6+ Kh8 37. Qxd6 Kg7 38. c5 Rf6 39. Qxd4 Bc7 40. b5
Nb8 41. Qg4+ Kf8 42. Qc8+ {Black resigns} 1-0

[Event "Team 45 45 League T60"]
[Site "Internet Chess Club"]
[Date "2014.03.23"]
[Round "4"]
[White "mongmong"]
[Black "tightfist"]
[Result "1-0"]
[WhiteElo "1683"]
[BlackElo "1604"]
[Opening "QGD Slav: 4.e3 Bf5"]
[ECO "D12"]
[Time "19:01:42"]
[TimeControl "2700+45"]

1. d4 Nf6 2. Nf3 d5 3. e3 Bf5 4. c4 c6 5. Nbd2 h6 6. Be2 e6 7. O-O Bd6 8. c5 Bc7
9. b4 O-O 10. Bb2 Nbd7 11. Nh4 Bh7 12. f4 a5 13. a3 Qb8 14. Nhf3 Ng4 15. Qb3 a4
16. Qc3 b5 17. cxb6 Qxb6 18. h3 Ngf6 19. Rfc1 Rfc8 20. Qxc6 Qxc6 21. Rxc6 Nb8
22. Rc3 Nbd7 23. Rac1 Ra7 24. Bb5 Nb6 25. Ne5 Kf8 26. Nc6 Raa8 27. Ne5 Bxe5 28.
fxe5 Rxc3 29. Rxc3 Ne4 30. Nxe4 Bxe4 31. Be2 Ra7 32. Rc6 Nd7 33. Bb5 Ke7 34. Be2
Kd8 35. Bc3 Nb8 36. Rd6+ Ke7 37. b5 Bc2 38. Bb4 Ke8 39. b6 Rb7 40. Bb5+ Nd7 41.
Bc6 Rb8 42. Bxd7+ Ke7 43. Bb5 Bb3 44. Rd7+ Ke8 45. Rb7+ Kd8 46. Rxb8# {Black
checkmated} 1-0

[Event "Team 45 45 League T60"]
[Site "Internet Chess Club"]
[Date "2014.03.23"]
[Round "4"]
[White "whiskeytown"]
[Black "oldsj"]
[Result "1/2-1/2"]
[WhiteElo "1540"]
[BlackElo "1589"]
[Opening "Sicilian: Canal-Sokolsky attack, 3...Bd7"]
[ECO "B52"]
[Time "13:03:55"]
[TimeControl "2700+45"]

1. e4 c5 2. Nf3 d6 3. Bb5+ Bd7 4. Bxd7+ Qxd7 5. O-O Nc6 6. c3 Nf6 7. Re1 e6 8.
d4 cxd4 9. cxd4 Be7 10. Nc3 O-O 11. h3 Rac8 12. Bg5 Rfd8 13. Rc1 h6 14. Bh4 Nh5
15. Bxe7 Nxe7 16. Qe2 Nf4 17. Qe3 Nfg6 18. Ne2 e5 19. Rxc8 Nxc8 20. Rc1 Nb6 21.
b3 Rc8 22. Rxc8+ Qxc8 23. Qc3 Qxc3 24. Nxc3 a6 25. g3 {Game drawn by mutual
agreement} 1/2-1/2

[Event "Team 45 45 League T60"]
[Site "Internet Chess Club"]
[Date "2014.03.23"]
[Round "4"]
[White "chessfreak2001"]
[Black "portis2"]
[Result "0-1"]
[WhiteElo "1560"]
[BlackElo "1673"]
[Opening "Sicilian: Najdorf, Byrne (English) attack"]
[ECO "B90"]
[Time "14:00:28"]
[TimeControl "2700+45"]

1. e4 c5 2. Nf3 d6 3. d4 cxd4 4. Nxd4 Nf6 5. Nc3 a6 6. Be3 Ng4 7. Bg5 h6 8. Bh4
g5 9. Bg3 Bg7 10. h3 Ne5 11. Nf5 Bxf5 12. exf5 Qa5 13. Be2 Nc4 14. Bxc4 Bxc3+
15. bxc3 Qxc3+ 16. Kf1 Qxc4+ 17. Qe2 Qxe2+ 18. Kxe2 Nd7 19. Rab1 b5 20. Rbd1 Rc8
21. Kd2 O-O 22. Rhe1 Rfe8 23. Re2 Nf6 24. f3 Nd5 25. a3 Nc3 26. Rde1 Nxe2 27.
Rxe2 f6 28. f4 Rc5 29. fxg5 hxg5 30. Kc1 Kf7 31. Bf2 Rxf5 32. g4 Rf3 33. Bb6
Rxh3 34. Re3 Rxe3 35. Bxe3 Rc8 36. Kd2 Rc4 37. Kd3 Rxg4 38. c3 Rc4 39. Bd4 e5
40. Ba7 g4 41. Bb8 Ke6 42. Ba7 f5 43. Bf2 f4 44. Ke2 Rxc3 45. Be1 Rxa3 46. Kf2
a5 47. Kg2 b4 48. Kf2 b3 49. Bc3 Ra2+ 50. Ke1 b2 51. Bxb2 Rxb2 52. Kd1 a4 53.
Kc1 a3 54. Kd1 a2 {White resigns} 0-1

[Event "Team 45 45 League T60"]
[Site "Internet Chess Club"]
[Date "2014.03.23"]
[Round "4"]
[White "edwspin"]
[Black "chessnow"]
[Result "1-0"]
[WhiteElo "1574"]
[BlackElo "1448"]
[Opening "Grünfeld: modern exchange variation"]
[ECO "D85"]
[Time "21:02:16"]
[TimeControl "2700+45"]

1. d4 Nf6 2. c4 g6 3. Nc3 d5 4. cxd5 Nxd5 5. Nf3 Nxc3 6. bxc3 Bg7 7. e4 c5 8.
Bc4 Nc6 9. Bb2 Bg4 10. Bxf7+ Kxf7 11. Ng5+ Ke8 12. Qxg4 Qd7 13. Ne6 Bf8 14. d5
Nd8 15. Rd1 Nxe6 16. dxe6 Qb5 17. Qf4 {Black resigns} 1-0

[Event "Team 45 45 League T60"]
[Site "Internet Chess Club"]
[Date "2014.03.22"]
[Round "4"]
[White "stevyk6"]
[Black "isolani"]
[Result "1-0"]
[WhiteElo "1556"]
[BlackElo "1637"]
[Opening "Pirc defense"]
[ECO "B07"]
[Time "19:00:33"]
[TimeControl "2700+45"]

1. e4 d6 2. d4 Nf6 3. Nd2 c6 4. c3 e5 5. Ngf3 Bg4 6. Bd3 Be7 7. h3 Bh5 8. Qc2
Nbd7 9. b3 O-O 10. Bb2 Rc8 11. g4 Bg6 12. O-O-O b5 13. Ba3 a5 14. Kb1 exd4 15.
Nxd4 Ne5 16. f4 Nxd3 17. Qxd3 Nxe4 18. f5 Nf2 19. Qf1 Nxd1 20. Qxd1 Bxf5+ 21.
Nxf5 c5 22. c4 d5 23. cxd5 Bf6 24. Ne4 Be5 25. Bxc5 a4 26. Bxf8 Kxf8 27. bxa4
bxa4 28. Qxa4 Rb8+ 29. Kc1 Rc8+ 30. Kd1 Qxd5+ 31. Ke2 Ra8 32. Qb4+ Bd6 33. Qxd6+
Qxd6 34. Nexd6 {Black resigns} 1-0

[Event "Team 45 45 League T60"]
[Site "Internet Chess Club"]
[Date "2014.03.26"]
[Round "4"]
[White "Berke"]
[Black "allychess"]
[Result "1-0"]
[WhiteElo "1432"]
[BlackElo "1400"]
[Opening "Scotch gambit: Dubois-Réti defense"]
[ECO "C55"]
[Time "18:00:29"]
[TimeControl "2700+45"]

1. e4 e5 2. Nf3 Nc6 3. d4 exd4 4. Bc4 Nf6 5. e5 Ng4 6. Bf4 d5 7. exd6 Bxd6 8.
Bg5 Nf6 9. Nbd2 Bf5 10. c3 Qe7+ 11. Qe2 Qxe2+ 12. Kxe2 a6 13. Rhe1 O-O 14. Kf1
b5 15. Bb3 Bd3+ 16. Kg1 h6 17. Bxf6 gxf6 18. Bd5 Rab8 19. Bxc6 f5 20. Nxd4 Rb6
21. Bf3 Bf4 22. N2b3 Rg6 23. Nc5 h5 24. Nxd3 Bh6 25. Nxf5 Bg5 26. Ne5 Re6 27.
Nd7 Rfe8 28. Rxe6 Rxe6 29. Ng3 h4 30. Ne4 Be7 31. g3 h3 32. Rd1 Rg6 33. Ne5 Rb6
34. Rd7 Bf8 35. Nxf7 Rg6 36. Nfg5 Bh6 37. Nxh3 Kf8 38. Bh5 Re6 39. f3 Be3+ 40.
Kg2 Rh6 41. Rf7+ Kg8 42. Nf6+ Kh8 43. g4 c5 44. g5 Rxh5 45. Nxh5 a5 46. g6 Bh6
47. Rh7+ Kg8 48. Nf6+ Kf8 49. Rxh6 Kg7 50. Ng4 c4 51. Nf4 a4 52. Ne6+ Kg8 53.
Nf6# {Black checkmated} 1-0

[Event "Team 45 45 League T60"]
[Site "Internet Chess Club"]
[Date "2014.03.20"]
[Round "4"]
[White "Portola"]
[Black "badmove"]
[Result "1/2-1/2"]
[WhiteElo "1789"]
[BlackElo "1528"]
[Opening "Queen's pawn game"]
[ECO "A45"]
[Time "17:11:22"]
[TimeControl "2700+45"]

1. d4 Nf6 2. c3 e6 3. Bf4 c5 4. e3 cxd4 5. exd4 Qb6 6. Qb3 Qxb3 7. axb3 Nc6 8.
Nd2 d6 9. Ngf3 Nh5 10. Bg3 Nxg3 11. hxg3 Be7 12. Bd3 e5 13. dxe5 Nxe5 14. Nxe5
dxe5 15. O-O-O f5 16. Bc4 Bc5 17. Rhe1 Kf8 18. Rxe5 Bxf2 19. Nf1 g6 20. Rd8+ Kg7
21. Ree8 Rxe8 22. Rxe8 b6 23. Bd5 Rb8 24. c4 Bc5 25. Be6 Bxe6 26. Rxb8 Kf6 27.
Rb7 a6 28. Rxh7 b5 29. cxb5 axb5 30. Kc2 Bd5 31. Rh2 Bg1 32. Rh1 Bc5 33. Rh2 Bg1
34. Rh1 {Game drawn by mutual agreement} 1/2-1/2

[Event "Team 45 45 League T60"]
[Site "Internet Chess Club"]
[Date "2014.03.23"]
[Round "4"]
[White "netballgirl"]
[Black "rubo"]
[Result "1-0"]
[WhiteElo "1691"]
[BlackElo "1655"]
[Opening "Caro-Kann: Panov-Botvinnik attack, 5...e6"]
[ECO "B14"]
[Time "01:00:35"]
[TimeControl "2700+45"]

1. e4 c6 2. d4 d5 3. exd5 cxd5 4. c4 Nf6 5. Nc3 e6 6. Nf3 Nc6 7. Bd3 Be7 8. Bg5
dxc4 9. Bxc4 Nd5 10. Bxe7 Ndxe7 11. O-O O-O 12. a3 a6 13. d5 exd5 14. Nxd5 Be6
15. Nxe7+ Qxe7 16. Bxe6 Qxe6 17. Re1 Qf6 18. Qb3 b5 19. Rac1 Na5 20. Qb4 Nc4 21.
b3 Nb6 22. Qc3 Qxc3 23. Rxc3 Rfc8 24. Rec1 Rxc3 25. Rxc3 Rd8 26. Kf1 Rc8 27. Rd3
f6 28. Rd6 Rb8 29. Nd4 Kf8 30. Nf5 Kf7 31. Rc6 g6 32. Nd6+ Kg8 33. Ne4 f5 34.
Ng5 Rb7 35. Ne6 a5 36. Nd4 b4 37. axb4 axb4 38. Nc2 Nd5 39. Rc4 Kf7 40. g3 Ke6
41. f4 Kd6 42. Kf2 Rb8 43. Ke2 Rb7 44. Kd3 Rb8 45. Kd4 Re8 46. Kd3 Rb8 47. Ne3
Nxe3 48. Kxe3 Re8+ 49. Kd3 Rb8 50. Kd4 Rb5 51. Rc8 Rb7 52. Kc4 Rb6 53. Rc5 Rc6
54. Rxc6+ Kxc6 55. Kxb4 Kb6 56. Kc4 Kc6 57. h4 h6 58. Kd4 Kd6 59. b4 h5 60. b5
{Black forfeits on time} 1-0

[Event "Team 45 45 League T60"]
[Site "Internet Chess Club"]
[Date "2014.03.23"]
[Round "4"]
[White "evan7284"]
[Black "ILRE"]
[Result "0-1"]
[WhiteElo "1572"]
[BlackElo "1608"]
[Opening "Queen's pawn game"]
[ECO "D02"]
[Time "09:04:48"]
[TimeControl "2700+45"]

1. d4 d5 2. Nf3 c6 3. Bg5 h6 4. Bh4 Qb6 5. b3 Bf5 6. e3 Nd7 7. Bd3 Bxd3 8. Qxd3
e6 9. Nbd2 Ne7 10. Bg3 Nf5 11. O-O Nxg3 12. hxg3 Be7 13. c4 O-O 14. cxd5 exd5
15. Qf5 Qc7 16. g4 Qd8 17. g3 g6 18. Qd3 Nf6 19. g5 hxg5 20. Nxg5 Kg7 21. Kg2
Rh8 22. Rh1 Qd7 23. Ndf3 Ng4 24. Rxh8 Rxh8 25. Nh3 Rxh3 26. Qe2 Rh8 27. Re1 Qf5
28. Qb2 Qe4 29. Qe2 Rh2+ 30. Kg1 Rxf2 31. Qxf2 Nxf2 32. Kxf2 Bd6 33. Rh1 Qc2+
34. Kg1 Qc1+ 35. Kg2 Qxe3 36. Re1 Qd3 37. Kf2 Qf5 {White resigns} 0-1

[Event "Team 45 45 League T60"]
[Site "Internet Chess Club"]
[Date "2014.03.22"]
[Round "4"]
[White "houseofcook"]
[Black "g8wrb"]
[Result "1/2-1/2"]
[WhiteElo "1479"]
[BlackElo "1349"]
[Opening "French: advance, Euwe variation"]
[ECO "C02"]
[Time "10:00:34"]
[TimeControl "2700+45"]

1. e4 e6 2. d4 d5 3. e5 c5 4. c3 Nc6 5. Nf3 Bd7 6. Be2 cxd4 7. cxd4 Nge7 8. Nc3
a6 9. Na4 Ng6 10. O-O Be7 11. Be3 O-O 12. a3 b5 13. Nc5 Bxc5 14. dxc5 Ngxe5 15.
Nxe5 Nxe5 16. Rc1 Nc4 17. Bd4 Bc6 18. f4 a5 19. Rf3 Qb8 20. Bxc4 dxc4 21. Rg3 f6
22. Qg4 Rf7 23. Qxe6 Qxf4 24. Be3 Qe4 25. Qxe4 Bxe4 26. Rd1 Bd3 27. Rd2 Re7 28.
Kf2 Rae8 29. Rd1 Re4 30. Re1 g6 31. h3 R8e6 32. Rg4 f5 33. Rxe4 Rxe4 34. Bd2 Kf7
35. Rxe4 Bxe4 36. Bxa5 Ke6 37. g3 Kd5 38. Bb4 Kd4 39. Ke2 h6 40. h4 g5 41. Kf2
f4 42. gxf4 gxf4 43. Bd2 Kxc5 44. Bxf4 h5 {Game drawn by mutual agreement}
1/2-1/2

[Event "Team 45 45 League T60"]
[Site "Internet Chess Club"]
[Date "2014.03.20"]
[Round "4"]
[White "eknuds01"]
[Black "Stiltzkin"]
[Result "0-1"]
[WhiteElo "1641"]
[BlackElo "1756"]
[Opening "English: symmetrical, hedgehog system"]
[ECO "A15"]
[Time "16:00:42"]
[TimeControl "2700+45"]

1. c4 Nf6 2. Nf3 e6 3. g3 b6 4. Bg2 Bb7 5. Nc3 c5 6. O-O Be7 7. d4 cxd4 8. Nxd4
Bxg2 9. Kxg2 O-O 10. Bf4 Qc8 11. Qa4 Na6 12. Rac1 Nc5 13. Qc2 a6 14. Rfd1 Qb7+
15. Kg1 Rfd8 16. Rd2 Ng4 17. Nf3 b5 18. b4 Na4 19. Nxa4 bxa4 20. a3 a5 21. c5
axb4 22. axb4 Qxb4 23. Rd4 Qb3 24. Qxb3 axb3 25. Bc7 b2 26. Rb1 Ra1 27. Rdd1
Rda8 28. Kg2 Bxc5 29. h3 Nxf2 {White resigns} 0-1

[Event "Team 45 45 League T60"]
[Site "Internet Chess Club"]
[Date "2014.03.23"]
[Round "4"]
[White "pokerram"]
[Black "Packerfan"]
[Result "1-0"]
[WhiteElo "1649"]
[BlackElo "1748"]
[Opening "Ruy Lopez: Schliemann defense"]
[ECO "C63"]
[Time "15:00:28"]
[TimeControl "2700+45"]

1. e4 e5 2. Nf3 Nc6 3. Bb5 f5 4. d3 fxe4 5. dxe4 d6 6. Nc3 Nf6 7. O-O Be7 8. Bc4
Na5 9. Qe2 Nxc4 10. Qxc4 h6 11. Rd1 Bg4 12. Nxe5 Bh5 13. Bf4 Qc8 14. Nb5 dxe5
15. Nxc7+ Kf8 16. Bxe5 Bxd1 17. Rxd1 a6 18. Qb3 Nxe4 19. Ne6+ Ke8 20. Nxg7+ Kf8
21. Ne6+ Kf7 22. Nd8+ Kg6 23. Qf7+ Kg5 24. Ne6+ Kh4 25. Qxe7+ Ng5 26. Rd4+ Kh5
27. Ng7+ Kg6 28. Rd6+ {Black resigns} 1-0

[Event "Team 45 45 League T60"]
[Site "Internet Chess Club"]
[Date "2014.03.21"]
[Round "4"]
[White "tryanything"]
[Black "Megasus"]
[Result "1-0"]
[WhiteElo "1603"]
[BlackElo "1464"]
[Opening "Sicilian: Grand Prix attack"]
[ECO "B23"]
[Time "05:30:32"]
[TimeControl "2700+45"]

1. e4 c5 2. Nc3 Nc6 3. f4 a6 4. Nf3 e6 5. a4 h6 6. Bc4 Qc7 7. d3 Nge7 8. O-O g6
9. Be3 b6 10. Qe1 Bg7 11. e5 Nf5 12. Kh1 Ncd4 13. Bxd4 cxd4 14. Ne4 Bb7 15. Bb3
O-O 16. Rc1 d5 17. exd6 Nxd6 18. Nxd6 Qxd6 19. Ne5 Bxe5 20. fxe5 Qc6 21. Qg3
Rae8 22. Rf6 Kg7 23. Rcf1 Re7 24. R1f2 b5 25. axb5 axb5 26. Qf4 Qd7 27. h4 Qd8
28. Bxe6 Rxe6 29. Rxf7+ Rxf7 30. Qxf7+ Kh8 31. Qxe6 Bxg2+ 32. Kxg2 {Black
resigns} 1-0

[Event "Team 45 45 League T60"]
[Site "Internet Chess Club"]
[Date "2014.03.22"]
[Round "4"]
[White "pcvan"]
[Black "clarinetref"]
[Result "0-1"]
[WhiteElo "1445"]
[BlackElo "1617"]
[Opening "Scandinavian (center counter) defense"]
[ECO "B01"]
[Time "19:38:51"]
[TimeControl "2700+45"]

1. e4 d5 2. exd5 Qxd5 3. Nc3 Qa5 4. d4 c6 5. Nf3 Nf6 6. Bc4 Bf5 7. Bd2 Qc7 8.
Qe2 e6 9. a3 Be7 10. O-O-O Nbd7 11. h3 Nb6 12. Bb3 Nbd5 13. Ne5 b5 14. g4 Nxc3
15. Bxc3 Be4 16. Rhe1 Bd5 17. Bxd5 cxd5 18. Rd3 O-O 19. f3 a5 20. Bd2 b4 21. a4
Nd7 22. Nxd7 Qxd7 23. b3 Rfc8 24. Kb2 Rc6 25. Rc1 Rac8 26. Bf4 Bd6 27. Qd2 R8c7
28. Bxd6 Qxd6 29. Qf2 Qd8 30. Qh2 Qc8 31. Rd2 Rc3 32. Qe2 Qd7 33. Rd3 Qc8 34.
Rd2 R7c6 35. Rd3 Qc7 36. Rxc3 Rxc3 37. Qa6 g6 38. Qf1 Qf4 39. Qf2 Rxf3 40. Qe2
Qxd4+ 41. Kb1 Rxh3 42. Qb5 Qe4 43. Qxa5 Rxb3+ {White resigns} 0-1

[Event "Team 45 45 League T60"]
[Site "Internet Chess Club"]
[Date "2014.03.23"]
[Round "4"]
[White "NFork"]
[Black "Jack-ONeill"]
[Result "1/2-1/2"]
[WhiteElo "2151"]
[BlackElo "2069"]
[Opening "Réti: Nimzovich-Larsen attack"]
[ECO "A01"]
[Time "15:02:38"]
[TimeControl "2700+45"]

1. b3 d5 2. Nf3 Nf6 3. Bb2 c6 4. e3 Bg4 5. Be2 Nbd7 6. c4 e6 7. O-O Bd6 8. Nc3
O-O 9. d4 Qe7 10. c5 Bc7 11. b4 Rfe8 12. b5 e5 13. bxc6 bxc6 14. h3 Bxf3 15.
Bxf3 e4 16. Be2 Nf8 17. Rb1 Qe6 18. Ba3 Rab8 19. Qa4 a5 20. Ba6 Ng6 21. Rb7 Rxb7
22. Bxb7 Ne7 23. Rb1 h6 24. Kf1 Nd7 25. Ne2 g5 26. Bc1 g4 27. h4 g3 28. fxg3 Nf6
29. Bd2 Ng4 30. Nf4 Qf6 31. Qd1 Qf5 32. Ba6 Ng6 33. Be2 h5 34. Bxg4 hxg4 35. Qe1
Nxf4 36. gxf4 a4 37. Ba5 Bxa5 38. Qxa5 g3 39. Qxa4 Qf6 40. Ke2 Kg7 41. Kd2 Rh8
42. Rh1 Rxh4 43. Rxh4 Qxh4 44. Qd1 Kf8 45. a4 Qd8 46. Qg4 Qa5+ 47. Ke2 Qa6+ 48.
Ke1 Qxa4 49. Qxg3 Qa1+ 50. Ke2 Qb2+ 51. Kf1 Qb1+ 52. Qe1 Qd3+ 53. Qe2 Qb1+ 54.
Kf2 Qh1 55. Qf1 Qh4+ 56. Kg1 Qg3 57. Qf2 Qg4 58. Qe1 Kg7 59. Kh2 Qh5+ 60. Kg3
Kf8 61. Qd2 Kg7 62. Kf2 Qh4+ 63. Ke2 Qh5+ 64. Ke1 Qh1+ 65. Kf2 Qh4+ 66. Kg1 Qg4
67. Kf1 Qh5 68. Qc2 Qh1+ 69. Kf2 Qh4+ 70. Kf1 Qh1+ 71. Kf2 Qh4+ 72. Kf1 Qh1+
{Game drawn by repetition} 1/2-1/2

[Event "Team 45 45 League T60"]
[Site "Internet Chess Club"]
[Date "2014.03.23"]
[Round "4"]
[White "Ptzz"]
[Black "SlimeDog2"]
[Result "0-1"]
[WhiteElo "1999"]
[BlackElo "2024"]
[Opening "Grünfeld: modern exchange variation"]
[ECO "D85"]
[Time "14:01:39"]
[TimeControl "2700+45"]

1. d4 Nf6 2. c4 g6 3. Nc3 d5 4. cxd5 Nxd5 5. Nf3 Bg7 6. e4 Nxc3 7. bxc3 c5 8.
Rb1 O-O 9. Be2 cxd4 10. cxd4 Qa5+ 11. Bd2 Qxa2 12. O-O Bg4 13. Bg5 h6 14. Be3
Nc6 15. d5 Na5 16. Bc5 Bf6 17. h3 Bxf3 18. Bxf3 b6 19. Be3 Bg7 20. Bf4 g5 21.
Be3 Nc4 22. Bd4 Qd2 23. Bxg7 Qxd1 24. Rfxd1 Kxg7 25. Be2 Rfc8 26. g3 Rc5 27. f4
gxf4 28. gxf4 f5 29. e5 Ne3 30. Rd3 Nxd5 31. Rg3+ Kh7 32. Bf3 Rac8 33. Bxd5 Rxd5
34. Ra1 a5 35. Rb3 Rb8 36. Kf2 Rd4 37. Ke3 Re4+ 38. Kf3 a4 39. Rb2 b5 40. Rg1
Rc8 41. Rxb5 Rc3+ 42. Kg2 Re2+ 43. Kf1 Ra2 44. Rb1 Rcc2 45. Rg3 a3 46. Rd1 h5
47. Kg1 Kh6 48. Rf3 h4 49. Kf1 Rh2 50. Kg1 Rag2+ 51. Kf1 Rg3 52. Rf2 Rgxh3 53.
Rdd2 Rxf2+ 54. Rxf2 Rb3 55. Ra2 Rb1+ {White resigns} 0-1

[Event "Team 45 45 League T60"]
[Site "Internet Chess Club"]
[Date "2014.03.21"]
[Round "4"]
[White "JustinL"]
[Black "Holgate"]
[Result "1-0"]
[WhiteElo "1979"]
[BlackElo "1981"]
[Opening "Sicilian: accelerated fianchetto, exchange variation"]
[ECO "B34"]
[Time "10:00:41"]
[TimeControl "2700+45"]

1. e4 c5 2. Nf3 Nc6 3. d4 cxd4 4. Nxd4 g6 5. Nxc6 bxc6 6. Bd3 Bg7 7. O-O d6 8.
c4 Nf6 9. Nc3 O-O 10. h3 Rb8 11. Qc2 Be6 12. Be3 Qc7 13. f4 d5 14. f5 dxc4 15.
Be2 gxf5 16. exf5 Bd5 17. Kh1 Qb7 18. Rab1 Rfd8 19. Bc5 Qc7 20. Bf3 Rb7 21. Rbe1
Re8 22. Qd2 Qa5 23. Bd4 Kh8 24. Re3 Rd8 25. Bxd5 Rxd5 26. Rg3 Rxd4 27. Qxd4 Nh5
28. Rxg7 Nxg7 29. f6 exf6 30. Rxf6 Qc7 31. Rd6 h5 32. Ne4 Qe7 33. Rh6+ Kg8 34.
Nf6+ {Black resigns} 1-0

[Event "Team 45 45 League T60"]
[Site "Internet Chess Club"]
[Date "2014.03.21"]
[Round "4"]
[White "Holzschlange"]
[Black "Portola"]
[Result "1/2-1/2"]
[WhiteElo "1782"]
[BlackElo "1789"]
[Opening "QGD Slav: 3.Nf3"]
[ECO "E08"]
[Time "18:30:36"]
[TimeControl "2700+45"]

1. Nf3 d5 2. d4 c6 3. c4 e6 4. Qc2 Nf6 5. g3 Be7 6. Bg2 O-O 7. O-O Nbd7 8. Bg5
Ne4 9. Bxe7 Qxe7 10. Nbd2 Nxd2 11. Nxd2 Qf6 12. e3 Nb6 13. c5 Nd7 14. Qa4 e5 15.
e4 exd4 16. exd5 cxd5 17. Bxd5 Nxc5 18. Qc2 Qd6 19. Bg2 Be6 20. Ne4 Nxe4 21.
Bxe4 g6 22. Bxb7 Rab8 23. Be4 Rfc8 24. Qd2 Qb6 25. b3 {Game drawn by mutual
agreement} 1/2-1/2

[Event "Team 45 45 League T60"]
[Site "Internet Chess Club"]
[Date "2014.03.22"]
[Round "4"]
[White "RobertStephen"]
[Black "Paul-Romero"]
[Result "1-0"]
[WhiteElo "1969"]
[BlackElo "1884"]
[Opening "Pirc: classical system, 5.Be2"]
[ECO "B08"]
[Time "17:02:06"]
[TimeControl "2700+45"]

1. e4 d6 2. Nf3 Nf6 3. Nc3 g6 4. d4 Bg7 5. Be2 O-O 6. O-O Bg4 7. Be3 Nc6 8. d5
Nb8 9. Nd4 Bxe2 10. Qxe2 c5 11. Nb3 a6 12. f4 e6 13. dxe6 fxe6 14. e5 Nd5 15.
exd6 b6 16. Ne4 Bxb2 17. Rad1 Nc6 18. Bd2 Nd4 19. Nxd4 Bxd4+ 20. Kh1 Qd7 21. g3
Rfe8 22. Rf3 Qc6 23. Be1 Nf6 24. Rxd4 cxd4 25. Nxf6+ Kf7 26. Nxe8 Rxe8 27. Bf2
Qxd6 28. Qxa6 Qc6 29. Qd3 Rd8 30. a3 b5 31. Kg2 {Black resigns} 1-0

[Event "Team 45 45 League T60"]
[Site "Internet Chess Club"]
[Date "2014.03.23"]
[Round "4"]
[White "jjimalo"]
[Black "Atwode"]
[Result "1/2-1/2"]
[WhiteElo "1927"]
[BlackElo "1815"]
[Opening "Pirc defense"]
[ECO "B07"]
[Time "13:02:09"]
[TimeControl "2700+45"]

1. d4 d6 2. e4 Nf6 3. Nc3 e5 4. Nf3 exd4 5. Nxd4 Be7 6. g3 O-O 7. Bg2 Re8 8. O-O
Nbd7 9. h3 Bf8 10. Re1 g6 11. Bg5 h6 12. Bd2 Bg7 13. Qc1 Kh7 14. Nf3 Ne5 15.
Nxe5 dxe5 16. Rd1 Qe7 17. Be3 c6 18. Qd2 b6 19. Qd6 Bb7 20. Qxe7 Rxe7 21. a4 Rd7
22. Rxd7 Nxd7 23. Rd1 Rd8 24. a5 Bf6 25. Na4 b5 26. Nc3 a6 27. b4 Nf8 28. Bb6
Rxd1+ 29. Nxd1 Ne6 30. c3 Be7 31. Ne3 Kg7 32. Kf1 Kf8 33. Ng4 c5 34. bxc5 Nxc5
35. f3 Na4 36. Bc7 f6 37. Nxh6 Nxc3 38. Ng4 Ke8 39. Ne3 Kd7 40. Bb6 Na4 41. h4
Nxb6 42. axb6 a5 43. Ke2 b4 44. Kd2 Bc5 45. Nc4 a4 46. g4 Ba6 47. Bf1 Bf2 48. h5
gxh5 49. gxh5 Ke7 50. Kc2 Bxc4 51. Bxc4 Bxb6 52. Bb5 a3 53. Kb3 Kf8 54. Bc4 Bc5
55. h6 Be3 56. Kxb4 Bxh6 57. Kxa3 {Game drawn by mutual agreement} 1/2-1/2

[Event "Team 45 45 League T60"]
[Site "Internet Chess Club"]
[Date "2014.03.23"]
[Round "4"]
[White "willhelm"]
[Black "santiagoelawad"]
[Result "1/2-1/2"]
[WhiteElo "1941"]
[BlackElo "1933"]
[Opening "QGD Slav: exchange variation"]
[ECO "D13"]
[Time "19:30:31"]
[TimeControl "2700+45"]

1. d4 d5 2. Nf3 Nf6 3. c4 c6 4. cxd5 cxd5 5. Nc3 Nc6 6. Bf4 a6 7. e3 Bf5 8. Bd3
Bxd3 9. Qxd3 e6 10. O-O Bd6 11. Bxd6 Qxd6 12. Rac1 O-O 13. Rfd1 Rfc8 14. Na4 Qb4
15. b3 Nd7 16. Qc3 Qxc3 17. Rxc3 Ne7 18. Rdc1 Rxc3 19. Rxc3 Rc8 20. Kf1 Rxc3 21.
Nxc3 {Game drawn by mutual agreement} 1/2-1/2